← All builds
Tech / Armada / Economy first / OBSERVED BUILD

Standard tech

Armada Tech (Eco) build order · Supreme Isthmus

Rushes T2 factory and T2 constructor early, upgrades team mexes, and supplies the team with T2 constructors while transitioning into eco and defensive units.

Usually first T2 con to Geo (82%)

#t2 #eco #team support · 1786 distinct matches · 271 players · 59% of Armada Tech games · team won 54% of 2112 · Recently observed

HOW TO PLAY IT

Key timing: T2 factory by 4:15

  1. Open 3 mex and heavy wind to fund a fast T2 rush.
  2. Put down Bot Lab, planning to eat it for reclaim soon after.
  3. Get Advanced Bot Lab up, hitting the T2 factory rush timing.
  4. Upgrade mex to Advanced Metal Extractor to lock in team metal income.
  5. Eat Advanced Bot Lab and keep sending cons to Geo and Pond.

Phase by phase

TYPICAL OF ITS 1786 GAMES
  1. 1
  2. 2
  3. 3
  4. 4
PLAY THE OPENING

Follow the example game's first 6:00 step by step: what to build now, what comes next, and where it goes. At 1× it keeps pace with your own game.

  1. 1

    Up to the Bot Lab

    Economy
    • Metal Extractor3Mex
    • Wind Turbine4Wind
    Order
    1. Bot LabBot Lab after 3 mex, 4 winddone ~1:18, middle half 1:13–1:32

    Some games also: energy storage (32%)

    By 1:01 in all: 3 mex · 4 wind

    The example game in this phase · 3 steps
    1. Mex ×3
    2. Wind ×3
    3. Bot LabBot Labdone 1:08 · typical 1:18
  2. 2

    Bot Lab to Advanced Bot Lab

    Economy
    • Metal Extractor1Mex
    • Wind Turbine8Wind
    • Energy Storage1Energy storage
    Order
    1. Advanced Bot LabAdvanced Bot Lab after 4 mex, 12 wind, 3 con turretdone ~4:16, middle half 4:04–4:30
    Builders
    • Construction Turret3 Con turret
    • Lazarus3 Lazarus
    • Construction Bot2 Con bot
    • Construction Bot1 Con bot for allies

    Some games also: converter (36%)

    By 3:18 in all: 4 mex · 12 wind · 1 energy storage · 3 con turret

    The example game in this phase · 11 steps
    1. Wind
    2. LazarusLazarus
    3. Wind ×2
    4. Construction BotCon botfor Air
    5. Solar
    6. Construction BotCon bot
    7. Mex
    8. LazarusLazarus
    9. Wind
    10. Energy storage
    11. Advanced Bot LabAdvanced Bot Labdone 3:42 · typical 4:16
  3. 3

    Advanced Bot Lab to 5:00

    Economy
    • Wind Turbine3Wind
    Order
    1. Bot LabEat Bot Lab
    Builders
    • Advanced Construction Bot1 T2 con bot for allies

    Some games also: converter (35%)

    By 5:00 in all: 4 mex · 15 wind · 1 converter · 1 energy storage · 3 con turret

    The example game in this phase · 5 steps
    1. Wind ×2
    2. Bot LabEat Bot Labreclaimed for its metal
    3. Advanced Construction BotT2 con botfor Geo
    4. SharpshooterSniper bot ×2for Ponddone 4:21
    5. Advanced Construction BotT2 con botfor Air
  4. 4

    5:00 to 10:00

    Economy
    • Wind Turbine43Wind
    • Energy Converter6Converter
    Builders
    • Butler9 Butler
    • Advanced Construction Bot4 T2 con bot for allies
    • Advanced Construction Bot1 T2 con bot

    Some games also: con turret (42%) · Butler for allies (36%)

    By 10:00 in all: 4 mex · 59 wind · 8 converter · 1 energy storage · 3 con turret

    The example game in this phase · 254 steps
    1. SmugglerJammer botfor Pond
    2. CompassRadar botfor Pond
    3. Advanced Construction BotT2 con botfor Geo sea
    4. Advanced Metal ExtractorT2 mexdone 6:08 · typical 5:28
    5. ButlerButler ×2
    6. Advanced Construction BotT2 con botfor Pond
    7. Wind ×3for Suicide front
    8. ButlerButler
    9. Windfor Suicide front
    10. ButlerButler
    11. Windfor Suicide front
    12. Advanced Metal ExtractorT2 mex
    13. Wind ×2for Suicide front
    14. Advanced Construction BotT2 con botfor Beach sea
    15. Wind ×3for Suicide front
    16. ButlerButler
    17. Wind ×2for Suicide front
    18. ButlerButler
    19. Windfor Suicide front
    20. Advanced Metal ExtractorT2 mex
    21. Windfor Suicide front
    22. Advanced Metal ExtractorT2 mex
    23. Wind ×3for Suicide front
    24. Advanced Construction BotT2 con bot
    25. Wind ×3for Suicide front
    26. Advanced Construction BotT2 con bot
    27. Wind ×2for Suicide front
    28. ButlerButler
    29. Windfor Suicide front
    30. ButlerButler
    31. Windfor Suicide front
    32. ButlerButler
    33. Wind
    34. Windfor Suicide front
    35. ButlerButler
    36. Wind ×2
    37. Windfor Suicide front
    38. ButlerButler
    39. Wind ×2
    40. Windfor Suicide front
    41. ButlerButler
    42. Wind
    43. ButlerButler
    44. Windfor Suicide front
    45. Wind ×3
    46. Converter
    47. ButlerButler
    48. Wind
    49. Windfor Suicide front
    50. Wind ×3
    51. Windfor Suicide front
    52. ButlerButler
    53. Converter
    54. Wind ×4
    55. Windfor Beach sea
    56. Wind ×2
    57. Converter
    58. Wind
    59. FatboyFatboyfor Suicide frontdone 10:50
    60. Windfor Beach sea
    61. Wind ×4
    62. Converter
    63. Wind
    64. Windfor Beach sea
    65. Wind ×3
    66. Converter
    67. Wind ×2
    68. Windfor Beach sea
    69. Wind
    70. Converter
    71. Wind ×3
    72. Converter
    73. Windfor Beach sea
    74. Wind ×2
    75. Converter
    76. Wind
    77. Converter
    78. Wind ×2
    79. Windfor Beach sea
    80. Wind ×2
    81. Converter ×2
    82. Wind ×4
    83. Windfor Beach sea
    84. Con turret
    85. Wind
    86. Converter
    87. Wind
    88. ButlerButler
    89. Wind ×2
    90. Converter
    91. Windfor Beach sea
    92. Wind ×3
    93. ButlerButler
    94. Windfor Beach sea
    95. Converter ×2
    96. Wind ×3
    97. ButlerButler
    98. Windfor Beach sea
    99. Wind ×3
    100. Converter ×2
    101. Wind
    102. Windfor Beach sea
    103. Wind ×3
    104. Converter ×2
    105. Wind ×2
    106. Windfor Beach sea
    107. Wind
    108. ButlerButler
    109. Wind ×4
    110. Windfor Beach sea
    111. Converter
    112. Wind
    113. Converter
    114. Wind
    115. UmbrellaAnti-nukedone 12:36
    116. Wind ×4
    117. Windfor Beach sea
    118. Wind
    119. Converter
    120. Wind
    121. Converter
    122. Wind ×2
    123. Windfor Beach sea
    124. Wind ×3
    125. Converter
    126. Wind ×2
    127. Windfor Beach sea
    128. Wind
    129. Con turret
    130. Wind
    131. Converter
    132. Wind
    133. Converter
    134. Wind ×2
    135. Windfor Beach sea
    136. Wind ×3
    137. Converter ×2
    138. Wind ×3
    139. Converter
    140. Wind
    141. Windfor Beach sea
    142. Wind ×2
    143. Converter
    144. Wind
    145. Converter
    146. Wind ×3
    147. Windfor Beach sea
    148. Converter
    149. Wind ×4
    150. Converter ×2
    151. Wind
    152. Windfor Beach sea
    153. Wind
    154. Con turret
    155. Wind ×4
    156. Converter ×2
    157. Wind
    158. Windfor Beach sea
    159. Advanced Construction BotT2 con bot
    160. Wind ×3
    161. Converter
    162. Wind ×2
    163. Windfor Beach sea
    164. Converter
    165. Wind
    166. Converter
    167. Wind ×3
    168. Converter ×2
    169. Wind ×2
    170. Advanced Bot LabEat Advanced Bot Labreclaimed for its metal
    171. Metal storage
    172. Windfor Beach sea
    173. Wind ×3
    174. Converter ×2
    175. Wind
    176. Con turret
    177. Windfor Beach sea
    178. Wind ×4
    179. Converter ×2
    180. Wind ×2
    181. Windfor Beach sea
    182. Wind ×3
    183. TracerTracer
    184. Wind ×2
    185. Converter
    186. Wind
    187. Windfor Beach sea
    188. Wind ×2
    189. Converter
    190. Wind ×3
    191. Converter
    192. Wind
    193. Windfor Beach sea
    194. Wind ×3
    195. Converter
    196. Wind ×2
    197. Windfor Beach sea
    198. Wind
    199. Converter
    200. Aircraft PlantAircraft Plantdone 13:46
    201. Wind ×2
    202. Converter
    203. Wind
    204. Windfor Beach sea
    205. Wind ×2
    206. Construction AircraftCon aircraft
    207. Wind ×2
    208. Converter
    209. Wind
    210. Converter
    211. Windfor Beach sea
    212. Wind
    213. Construction AircraftCon aircraft
    214. Wind
    215. Advanced Aircraft PlantAdvanced Aircraft Plantdone 14:27
    216. Wind ×2
    217. Converter
    218. Wind ×4
    219. Converter
    220. Wind ×4
    221. Converter
    222. Wind
    223. Converter
    224. Wind
    225. Con turret
    226. Wind ×3
    227. Converter
    228. Wind ×4
    229. Converter
    230. Wind ×4
    231. Converter
    232. Wind ×3
    233. Aircraft PlantEat Aircraft Plantreclaimed for its metal
    234. Wind
    235. Converter
    236. Wind ×3
    237. Converter
    238. Wind ×3
    239. LicheLichenot finished by 15:00
    240. Wind
    241. Converter
    242. Wind ×3
    243. Converter
    244. Con turret
    245. Wind ×3
    246. Converter
    247. Wind ×3
    248. Converter
    249. Wind ×2
    250. Converter ×2
    251. Wind ×2
    252. Converter ×2
    253. Wind ×4
    254. Converter

Counts are medians over the build's games: half of them build more, half fewer. The example game is SkyFireEX's (42 OS, 15/10/2026); pick another.

Team trades

IN AT LEAST 30% OF ITS GAMES

You hand over

  • Construction Bot1 Con bot to Airfirst at 2:23 · in 83% of games
  • Advanced Construction Bot5 T2 con bot to Air or Geo sea or Pondfirst at 4:51 · in 99% of games
  • Butler2 Butler to Geo sea or Beach sea or Pondfirst at 9:06 · in 42% of games

You get

  • Hercules1 Light transport from Airfirst at 4:01 · in 86% of games

How it plays out

Typical game of this build, running totals by minute

Metal produced

020k40k
0:005:0010:0015:00

metal

Enemy metal destroyed

050100
0:005:0010:0015:00

metal

Own metal lost

050100150
0:005:0010:0015:00

metal

2112 games.

Show as table
ByMetal produced: This buildEnemy metal destroyed: This buildOwn metal lost: This build
1:0038300
2:0091500
3:00165500
4:00314900
5:00484700
6:00580500
7:00724600
8:00908400
9:001121400
10:001354100
11:001625700
12:001967800
13:002346100
14:0027368074
15:003160391130
WHAT THE NUMBERS SAY

Standard Tech play barely fights at all early, instead pouring metal into T2 infrastructure and constructors for the team.

  • + Metal produced hits 31679 by 15:00, by far the highest of any role here.
  • + T2 factory reached in 97% of games by 4:15, fastest and most reliable T2 timing.
  • − Enemy metal destroyed stays at 0 through 10:00, no early offense at all.
  • − Own metal lost also near 0, showing total avoidance of combat risk.
THE EXAMPLE YOU ARE READING

SkyFireEX

41.6 OS · 15/10/2026

Open source match ↗

3 received units
5488 metal received · 43806 energy received

Allied construction assistance is unknown. Timings are observations, not a promise of solo reproducibility.

Typical milestones

Bot Lab1:18Middle 50%: 1:13–1:32 · n=2112
Advanced Bot Lab4:16Middle 50%: 4:04–4:30 · n=2105
Advanced Metal Extractor5:28Middle 50%: 5:05–5:58 · n=2108

Played most by

Amrissa97games of this buildTheGeneraI70games of this buildAdeus62games of this buildUncle_Cane60games of this buildCrouxy54games of this build